[Event "Early-Titled-Tuesday-Blitz-June-18-2024"]
[Site "Chess.com"]
[Date "2024.06.18"]
[Round "7"]
[White "BlackBoarder"]
[Black "Hudijegszid"]
[Result "0-1"]
[WhiteElo "2709"]
[BlackElo "2529"]
[TimeControl "180+1"]
[EndTime "9:21:01 PDT"]
[Termination "Hudijegszid won by resignation"]

1. d4 d5 2. Nc3 Nf6 3. Bf4 c5 4. e4 cxd4 5. Qxd4 Nc6 6. Bb5 Bd7 7. Bxc6 Bxc6 8. e5 Nd7 9. e6 fxe6 10. Nf3 Qb6 11.
Qd2 d4 12. Nxd4 Bxg2 13. O-O-O Bxh1 14. Ndb5 Bc6 15. Nc7+ Kf7 16. Nxa8 Qa5 17. Bg3 g6 18. Nc7 Bg7 19. Qe3 e5 20. N7d5 Rc8 21. f4 e6 22.
fxe5 exd5 23. e6+ Kg8 24. exd7 Bxd7 25. Rxd5 Rxc3 26. Qg5 Bh6 27. Rxa5 Bxg5+ 28. Rxg5 Rc6 29. Rd5 Bf5 30. c3 a6 31. Bf2 Kf7 32. Bd4 Rc8 33. Rd6 Re8 34. Kd2 Re6 35. Rd7+ Re7 36. Rd8 Re8 37. Rd6 Re6 38. Rd5 h5 39. c4 Re7 40.
b3 Rd7 41. Be5 Rxd5+ 42. cxd5 Be4 43. d6 Ke6 44. Bg3 g5 45. Ke3 Bc6 46. h3 h4 47.
Bh2 Bg2 48. Kd4 Bxh3 49. Kc5 Bg2 50. Kb6 Kd7 51. Be5 g4 52. Bf6 h3 53. Be5 Bc6 54. Bg3 Ke6 55. Kc7 Kf5 56. d7 Bxd7 57. Kxd7 Ke4 58.
Kc7 Kf3 59. Bd6 g3 0-1

[Event "Early-Titled-Tuesday-Blitz-June-18-2024"]
[Site "Chess.com"]
[Date "2024.06.18"]
[Round "7"]
[White "mangochessgo"]
[Black "Sam_ChessMood"]
[Result "0-1"]
[WhiteElo "2668"]
[BlackElo "2940"]
[TimeControl "180+1"]
[EndTime "9:21:02 PDT"]
[Termination "Sam_ChessMood won by resignation"]

1. d4 Nf6 2. Nf3 d5 3. Bf4 Bf5 4. e3 e6 5. c4 Bxb1 6. Rxb1 Bb4+ 7. Ke2 O-O 8. Qb3 Nc6 9. g3 Bd6 10. cxd5 Nxd5 11. Bg2 a5 12. Rhc1 Ncb4 13. a3 a4 14. Qc4 Nc6 15. h4 h6 16. Rc2 Qd7 17. Rbc1 Na5 18.
Qd3 Nb3 19. Rh1 Ra6 20. Ne5 Bxe5 21. Bxe5 Rc6 22. g4 Rc8 23. g5 Rxc2+ 24. Qxc2 c5 25.
dxc5 Rxc5 26. Qd3 Nc1+ 27. Rxc1 Rxc1 28. gxh6 gxh6 29. e4 f6 30. exd5 fxe5 31. Qg6+ Qg7 32.
Qe8+ Qf8 33. Qg6+ Qg7 34. Qe8+ Qf8 35. Qxe6+ Qf7 36. Kd2 Qxe6 37. dxe6 Rc7 38. Ke3 Kg7 39. Ke4 Kf6 40. Kd5 Rc2 41. Kd6 Rxb2 42. e7 Rd2+ 43. Bd5 Rxd5+ 44. Kxd5 Kxe7 45. Kxe5 h5 46. Kd5 Kf6 47.
Kc5 Kf5 48. Kb6 Kg4 49. Kxb7 Kxh4 50. Kc6 Kg4 51. Kb5 h4 52. Kxa4 h3 0-1

[Event "Early-Titled-Tuesday-Blitz-June-18-2024"]
[Site "Chess.com"]
[Date "2024.06.18"]
[Round "7"]
[White "blitzking1729"]
[Black "GHANDEEVAM2003"]
[Result "0-1"]
[WhiteElo "2824"]
[BlackElo "2997"]
[TimeControl "180+1"]
[EndTime "9:21:04 PDT"]
[Termination "GHANDEEVAM2003 won by resignation"]

1. e4 c6 2. d3 d5 3. Nd2 g6 4. Ngf3 Bg7 5. g3 Nf6 6. Bg2 O-O 7. O-O a5 8. a4 Na6 9. e5 Nd7 10. Re1 Ndc5 11. d4 Ne6 12. c3 c5 13. Nb3 c4 14. Nbd2 Bd7 15. Nf1 b5 16. Ne3 Nac7 17.
axb5 Bxb5 18. h4 h5 19. Ng5 Nxg5 20. hxg5 Qd7 21. f4 Ra6 22. Bf3 a4 23. Kg2 Rb8 24. Rh1 a3 25. Rxa3 Rxa3 26. bxa3 Ba4 27. Qe1 Rb1 28.
g4 hxg4 29. Bxg4 Qb5 30. f5 gxf5 31. Nxf5 Bc2 32. Nxg7 Qb3 33. Bf3 Rxc1 34. Qxc1 Kxg7 35. Qe1 e6 36. Qh4 Kf8 37. g6 Qxc3 38. Qd8+ Ne8 39. Rh8+ Kg7 40. Rg8+ Kxg8 41. Qxe8+ Kg7 42. gxf7 Qd2+ 43.
Kg3 Qe1+ 44. Kg2 Qd2+ 45. Kg3 Qg5+ 46. Bg4 Qe3+ 47. Bf3 Qg1+ 48. Bg2 Qe1+ 49. Kh2 Qh4+ 50. Kg1 Qxd4+ 51. Kh1 Qa1+ 52. Kh2 Qxe5+ 53. Kg1 Qe3+ 54. Kh1 Qc1+ 55. Kh2 Qf4+ 0-1

[Event "Early-Titled-Tuesday-Blitz-June-18-2024"]
[Site "Chess.com"]
[Date "2024.06.18"]
[Round "7"]
[White "atbenina64"]
[Black "Anton_Demchenko"]
[Result "0-1"]
[WhiteElo "2841"]
[BlackElo "2987"]
[TimeControl "180+1"]
[EndTime "9:21:05 PDT"]
[Termination "Anton_Demchenko won on time"]

1. c4 e5 2. Nc3 Nc6 3. Nf3 Nf6 4.
e4 d6 5. d4 Bg4 6. d5 Nd4 7. Be2 Nxe2 8. Qxe2 Be7 9. Be3 h6 10. h3 Bd7 11. Nd2 O-O 12. O-O Nh7 13. f4 exf4 14. Bxf4 Bf6 15. Nf3 Ng5 16. Bxg5 hxg5 17.
Qd2 g4 18. hxg4 Bxg4 19. Rae1 Bxf3 20. gxf3 Qd7 21. Re2 c5 22. dxc6 bxc6 23. e5 Be7 24. Rd1 Rad8 25. Qe1 Qf5 26. exd6 Bxd6 27. Ne4 Bf4 28.
Rxd8 Rxd8 29. Qh4 Rd1+ 30. Kf2 f6 31. Qg4 Qxg4 32. fxg4 Be5 33. b3 Kf7 34. Rd2 Rxd2+ 35. Nxd2 Ke6 36. Ke3 f5 37. gxf5+ Kxf5 38. Ne4 g5 39.
Nc5 g4 40. Nd3 Bd6 41. c5 Be7 42. b4 Bg5+ 43. Ke2 Bh4 44. Ke3 Bg5+ 45. Ke2 a6 46. a4 Ke4 47. Nf2+ Kf4 48. Nd3+ Kf5 49. Nf2 Bf6 50.
Nd3 Bc3 51. b5 axb5 52. axb5 cxb5 53. c6 Ba5 0-1

[Event "Early-Titled-Tuesday-Blitz-June-18-2024"]
[Site "Chess.com"]
[Date "2024.06.18"]
[Round "7"]
[White "Rosh1610"]
[Black "ValentinDragnev"]
[Result "0-1"]
[WhiteElo "2489"]
[BlackElo "2703"]
[TimeControl "180+1"]
[EndTime "9:21:05 PDT"]
[Termination "ValentinDragnev won by checkmate"]

1. e4 c5 2. Nc3 d6 3. f4 Nc6 4.
Nf3 g6 5. a4 Bg7 6. Bb5 Bd7 7.
d3 Nd4 8. Bxd7+ Qxd7 9. Be3 e6 10. O-O Ne7 11. Bxd4 cxd4 12. Ne2 Nc6 13. c3 dxc3 14.
bxc3 O-O 15. d4 Rac8 16. a5 Rc7 17. Qd3 Rfc8 18. Nd2 a6 19. f5 exf5 20. exf5 d5 21. f6 Bh6 22. Nb3 Re8 23. Nc5 Qg4 24. Rf3 Bf8 25. Nb3 Na7 26. Nf4 Qd7 27. Rc1 Nb5 28. Qd2 Qd6 29. Nd3 Qc6 30. Nbc5 Nd6 31. Ne5 Qb5 32. Rh3 Rxc5 33. dxc5 Qxc5+ 34. Qd4 Nb5 35. Nd3 Nxd4 36. Nxc5 Ne2+ 37. Kf2 Nxc1 38. Nxb7 Rb8 39. Re3 Rxb7 40. Re8 h5 41. Ra8 Rb2+ 42. Kg3 Ne2+ 43. Kh3 Nf4+ 44. Kh4 Nxg2+ 45. Kg5 Ne3 46. Kf4 Nc4 47.
Rxa6 Ra2 48. Ra8 Rxa5 49. Rd8 Ra6 50. Rxd5 Rxf6+ 51. Kg5 Rf5+ 52. Rxf5 gxf5 53. Kh4 Kg7 54. h3 Kf6 55. Kg3 Ke5 56. Kh4 f4 57. Kg5 f3 58.
Kh4 f2 59. Kg5 f1=Q 60. Kh4 Qf4+ 61. Kxh5 Qf3+ 62. Kg5 Be7+ 63. Kh6 Qf6+ 64. Kh7 Qg6+ 65. Kh8 Bf6# 0-1

[Event "Early-Titled-Tuesday-Blitz-June-18-2024"]
[Site "Chess.com"]
[Date "2024.06.18"]
[Round "7"]
[White "gilbert_gm"]
[Black "myburger"]
[Result "1-0"]
[WhiteElo "2859"]
[BlackElo "2534"]
[TimeControl "180+1"]
[EndTime "9:21:06 PDT"]
[Termination "gilbert_gm won by checkmate"]

1. e4 c5 2. h3 e6 3. Nf3 d5 4.
exd5 exd5 5. Bb5+ Bd7 6. Bxd7+ Qxd7 7. d4 Nc6 8. O-O Nf6 9. Nc3 Be7 10. dxc5 O-O 11.
Bg5 Rad8 12. a3 Ne4 13. Nxe4 dxe4 14. Qxd7 Rxd7 15. Bxe7 Nxe7 16. Ng5 f5 17. Rad1 Rfd8 18. Rxd7 Rxd7 19. b4 h6 20. Ne6 Kf7 21. Nf4 g5 22.
Nh5 Rd2 23. Rc1 f4 24. Re1 Rd4 25. g3 Kg6 26. g4 Nc6 27. Kg2 Ne5 28. c3 Rc4 29.
Rd1 Nd3 30. f3 Rxc3 31. fxe4 Rc2+ 32. Kg1 Nf2 33. Rd6+ Kf7 34. h4 Nh3+ 35. Kf1 f3 36. Rf6+ Ke7 37. Rxf3 Rc1+ 38. Kg2 Ng1 39. Rf1 Ne2 40.
Rxc1 Nxc1 41. hxg5 hxg5 42. Kf3 Nb3 43. Ke3 Na1 44.
Kd3 Ke6 45. Kc3 Ke5 46. Kb2 Kxe4 47. Kxa1 Kf3 48. Nf6 Kf4 49. Kb2 Ke5 50. Nh7 Kf4 51. b5 Kxg4 52. c6 bxc6 53. bxc6 Kf5 54. c7 g4 55.
c8=Q+ Kf4 56. Nf6 Kf3 57. Qxg4+ Kf2 58. Ne4+ Ke3 59. Nc3 Kd3 60. Qe4+ Kd2 61. Qe2# 1-0

[Event "Early-Titled-Tuesday-Blitz-June-18-2024"]
[Site "Chess.com"]
[Date "2024.06.18"]
[Round "7"]
[White "andrzej"]
[Black "koncheto"]
[Result "0-1"]
[WhiteElo "2476"]
[BlackElo "2637"]
[TimeControl "180+1"]
[EndTime "9:21:06 PDT"]
[Termination "koncheto won by checkmate"]

1. e4 e5 2. Nf3 d5 3. exd5 e4 4. Qe2 Nf6 5. d3 Qxd5 6. Nbd2 Be7 7. dxe4 Qh5 8. e5 Nd5 9. Qe4 Nb4 10. Bd3 O-O 11. O-O Nxd3 12. Qxd3 Nc6 13. Nc4 Bf5 14. Qb3 Be6 15. Qa4 Bd5 16. Ncd2 Nxe5 17. Nxe5 Qxe5 18. Qg4 Bd6 19. Qh3 Rfe8 20. Nb3 Qe2 21. Be3 Qxc2 22. Nd4 Qg6 23. Rad1 Re5 24. Qg3 Qe4 25. Nf3 Rh5 26.
Rd4 Bxg3 27. Rxe4 Bxh2+ 28. Nxh2 Bxe4 29. Ng4 Rb5 30. b3 Rd8 31. Rc1 h5 32. Nh2 c6 33.
Nf1 a5 34. Nd2 Bg6 35. Nc4 a4 36. Bb6 axb3 37. Bxd8 bxa2 38. Na3 Rb1 39. Nxb1 axb1=Q 40. Rxb1 Bxb1 41. Kf1 Kf8 42. Ke2 Ke8 43. Bg5 Kd7 44. Bc1 Ke6 45. Ke3 Kd5 46. Kf4 g6 47. Kg5 Ke4 48.
Kf6 Ba2 49. Be3 b5 50. Bb6 b4 51. Ba5 b3 52. Bc3 Kd3 53. Ba1 Kc2 54. Kxf7 b2+ 55. Kxg6 bxa1=Q 56. Kxh5 Qf1 57. Kh4 Qxg2 58. Kh5 Qxf2 59.
Kg4 Kd3 60. Kh3 Ke3 61. Kg4 c5 62. Kh3 c4 63. Kg4 c3 64. Kh3 c2 65. Kg4 c1=Q 66. Kh3 Qcf1+ 67. Kg4 Q1g1+ 68. Kh5 Qfh2# 0-1

[Event "Early-Titled-Tuesday-Blitz-June-18-2024"]
[Site "Chess.com"]
[Date "2024.06.18"]
[Round "7"]
[White "SaraBlackPanther"]
[Black "Gnechko_Ruslan"]
[Result "1/2-1/2"]
[WhiteElo "2712"]
[BlackElo "2559"]
[TimeControl "180+1"]
[EndTime "9:21:07 PDT"]
[Termination "Game drawn - insufficient material"]

1. d4 d5 2. c4 e6 3. Nc3 h6 4.
Nf3 Nf6 5. Bf4 Bd6 6. Bxd6 Qxd6 7.
e3 O-O 8. Rc1 c6 9. Bd3 Nbd7 10.
cxd5 exd5 11. O-O Re8 12. h3 Ne4 13. Qc2 Qe7 14. b4 a6 15. a4 Ndf6 16. b5 cxb5 17.
axb5 a5 18. Bxe4 dxe4 19. Ne5 Bf5 20. Qb3 Rec8 21. Na4 Be6 22. Qb1 Qd6 23. Nc5 b6 24. Nxe4 Nxe4 25. Qxe4 Bd5 26. Qd3 f6 27. Ng6 Rxc1 28.
Rxc1 a4 29. e4 Bf7 30. e5 fxe5 31. Nxe5 Bd5 32. Nc4 Qe6 33. Na3 Qf6 34. Qe3 Kf8 35.
Qe5 Qxe5 36. dxe5 Ke7 37. f4 Ke6 38. Kf2 g5 39. g3 gxf4 40. gxf4 Rg8 41. Rg1 Rxg1 42.
Kxg1 Kf5 43. Nb1 Kxf4 44. Nc3 Bb3 45. e6 Bxe6 46. Nxa4 Bxh3 47. Nxb6 Kg3 48. Nc4 h5 49. Nd6 Bd7 50. Ne4+ Kf4 51. b6 Bc6 52. Nc5 h4 53. Kh2 Kg4 54. Nd3 Kg5 55. Kh3 Kf5 56. Nb4 Bb7 57. Nc2 Ke5 58. Kxh4 Kd5 59. Na3 Kc5 60. Nc4 Kxc4 61. Kg5 Kc5 62. Kf4 Kxb6 1/2-1/2

[Event "Early-Titled-Tuesday-Blitz-June-18-2024"]
[Site "Chess.com"]
[Date "2024.06.18"]
[Round "7"]
[White "reniite"]
[Black "Xavier_mompel"]
[Result "0-1"]
[WhiteElo "2292"]
[BlackElo "2439"]
[TimeControl "180+1"]
[EndTime "9:21:10 PDT"]
[Termination "Xavier_mompel won by resignation"]

1. d4 d5 2. Nf3 Nf6 3. e3 e6 4.
Bd3 Bd6 5. O-O c5 6. b3 Nc6 7. Bb2 O-O 8. Nbd2 b6 9. Ne5 Bb7 10. f4 Ne7 11. Qe2 Ne4 12. Nxe4 dxe4 13. Bc4 Nd5 14. Rad1 f6 15. Ng4 Qe7 16. f5 Rad8 17. fxe6 Qxe6 18. Nf2 f5 19. g3 Kh8 20. Nh3 Qh6 21. Nf4 Bxf4 22. exf4 Nf6 23. d5 Nxd5 24. Bxd5 Bxd5 25. c4 Bb7 26. Qe3 Qc6 27. Rfe1 Rd3 28. Rxd3 exd3 29. Bxg7+ Kxg7 30. Qe7+ Rf7 31. Qg5+ Qg6 32.
Qd8 Qf6 33. Qxd3 Qd4+ 34. Qxd4+ cxd4 35. Rd1 Rd7 36. Kf2 Be4 37. Ke2 Kg6 38. h3 h5 39.
a3 Kf6 40. b4 Ke6 41. Kd2 Rc7 42. Rc1 Kd6 43. a4 a5 44. bxa5 bxa5 45. Ke2 Kc5 46.
Kd2 Kb4 47. g4 hxg4 48. hxg4 fxg4 49. Re1 Bf3 50. Rb1+ Kxa4 51. Kd3 Ka3 52. Ra1+ Kb4 53. Rb1+ Kc5 54. Rb5+ Kd6 55. Rxa5 g3 56. Ra6+ Rc6 57.
Ra8 g2 58. Rg8 Rc7 59. Kxd4 Ke6 60. c5 Kf5 61. Kc4 Bg4 62. Rf8+ Ke4 63. Re8+ Kf3 64. Re1 Kf2 65. Rc1 g1=Q 66. Rxg1 Kxg1 67. Kb5 Bd7+ 68. Kb6 Rc6+ 0-1

[Event "Early-Titled-Tuesday-Blitz-June-18-2024"]
[Site "Chess.com"]
[Date "2024.06.18"]
[Round "7"]
[White "GMAkobianSTL"]
[Black "dropstoneDP"]
[Result "1-0"]
[WhiteElo "2858"]
[BlackElo "2974"]
[TimeControl "180+1"]
[EndTime "9:21:11 PDT"]
[Termination "GMAkobianSTL won by resignation"]

1. d4 d5 2. c4 dxc4 3. e3 Nf6 4. Bxc4 e6 5. Nf3 a6 6. O-O b5 7. Be2 Bb7 8. a4 Nbd7 9. axb5 axb5 10. Rxa8 Qxa8 11.
Bxb5 Be7 12. Nbd2 O-O 13. b3 c5 14. Bb2 cxd4 15. Bxd4 Rd8 16. Qa1 Qb8 17. Be2 Nc5 18. b4 Nce4 19. Nxe4 Bxe4 20. b5 Ng4 21. Ne5 Nxe5 22.
Bxe5 Qb7 23. f3 f6 24. fxe4 fxe5 25. Qxe5 Qb6 26. Bc4 Bc5 27. Qxe6+ Qxe6 28. Bxe6+ Kh8 29. Kf2 Rd2+ 30. Kf3 Rd3 31. Re1 g6 32. e5 Kg7 33.
Ke4 Rc3 34. Bd5 Rc2 35. Kd3 Rb2 36. Kc4 Bb6 37. e6 Rc2+ 38. Kd3 Rc5 39. Bc4 Re5 40. e4 Bc5 41. Bd5 Rh5 42. h3 Rg5 43.
Re2 Rg3+ 44. Kc4 Bd6 45. b6 Be5 46. b7 Rc3+ 47. Kb4 Rc1 48. e7 Bd6+ 49. Ka5 Ra1+ 50. Kb6 Rb1+ 51. Kc6 Bxe7 52. e5 Bd8 53. Re3 Rc1+ 54.
Kd7 Bc7 55. e6 Bb8 56. e7 Rc7+ 57. Kd8 Rc5 58. e8=Q 1-0

[Event "Early-Titled-Tuesday-Blitz-June-18-2024"]
[Site "Chess.com"]
[Date "2024.06.18"]
[Round "7"]
[White "marvinguevara"]
[Black "giovannibrandao7"]
[Result "1-0"]
[WhiteElo "2140"]
[BlackElo "2276"]
[TimeControl "180+1"]
[EndTime "9:21:13 PDT"]
[Termination "marvinguevara won by resignation"]

1. e4 c5 2. Nf3 d6 3. c3 Nf6 4. d4 cxd4 5. cxd4 Nc6 6. Nc3 g6 7. Bb5 Bg7 8. d5 a6 9. Ba4 b5 10. dxc6 bxa4 11. Qxa4 O-O 12. O-O Be6 13. Bg5 Qc7 14.
Rac1 Rfc8 15. Bxf6 Bxf6 16. Nd5 Bxd5 17. exd5 e6 18.
dxe6 fxe6 19. b3 Kf7 20. Qf4 d5 21. Qh6 Kg8 22. Rfe1 Qd6 23. Qh3 Rxc6 24. Rxc6 Qxc6 25. Rxe6 Qc1+ 26. Re1 Qc6 27. Qg3 Rc8 28. h4 d4 29.
h5 Kg7 30. Ne5 Qc7 31. hxg6 Bxe5 32. Rxe5 hxg6 33. Qg5 Qc1+ 34. Qxc1 Rxc1+ 35. Kh2 d3 36. Rd5 Rc2 37. Rxd3 Rxa2 38. Kg3 a5 39. Rd6 a4 40.
Ra6 Ra3 41. Rxa4 Rxb3+ 42. Kg4 Rb6 43. f4 Kf6 44. Ra8 Rd6 45. Rf8+ Kg7 46. Rb8 Re6 47. Kg5 Rd6 48. Rb7+ Kf8 49. g4 Rc6 50. Kh6 Rd6 51. Kg5 Rc6 52. Rd7 Re6 53. Kh6 Rc6 54. Kg5 Rb6 55. f5 gxf5 56. gxf5 Rb1 57. Kf6 Rb6+ 58.
Kg5 Rb2 59. Ra7 Ke8 60. Kg6 Rg2+ 61. Kf6 Rb2 62. Ra8+ Kd7 63. Kf7 Rf2 64. f6 Kd6 65. Rd8+ Ke5 66. Re8+ Kf5 67. Ra8 Rc2 68. Ra5+ Ke4 69.
Kg7 Rg2+ 70. Kf8 1-0

[Event "Early-Titled-Tuesday-Blitz-June-18-2024"]
[Site "Chess.com"]
[Date "2024.06.18"]
[Round "7"]
[White "VaglioSagan"]
[Black "MaestroCheck"]
[Result "1/2-1/2"]
[WhiteElo "2491"]
[BlackElo "2630"]
[TimeControl "180+1"]
[EndTime "9:21:14 PDT"]
[Termination "Game drawn - insufficient material"]

1. d4 d5 2. c4 c6 3. Nc3 Nf6 4. e3 e6 5. Nf3 Nbd7 6. b3 Bb4 7. Bd2 Qe7 8. Bd3 O-O 9. O-O e5 10. Nxd5 Nxd5 11. cxd5 Bxd2 12. dxc6 Bxe3 13. cxd7 Bxd7 14. Bxh7+ Kxh7 15. Qd3+ e4 16. Qxe3 f5 17. Ne5 Be6 18.
Rac1 Rf6 19. Rc5 b6 20. Rc6 Bd5 21. Rxf6 gxf6 22. Qh3+ Kg8 23. Ng6 Qd7 24. Qxf5 Qxf5 25. Ne7+ Kf7 26. Nxf5 Rc8 27. Ne3 Be6 28. f3 Rc3 29. Kf2 exf3 30. Kxf3 Bd5+ 31. Kf2 Be4 32. Rd1 Ke6 33. Rd2 b5 34. g4 a5 35. h4 a4 36.
bxa4 bxa4 37. g5 fxg5 38. hxg5 a3 39. d5+ Kd7 40. Ng4 Kd6 41. Nf6 Bb1 42. Ne8+ Ke7 43. Nf6 Rc2 44. d6+ Kd8 45. Rxc2 Bxc2 46. Ke3 Bb1 47. Kd2 Bxa2 48. g6 Be6 49. Kc3 a2 50. Kb2 Kc8 51. Ka1 Kb7 52. g7 Kc6 53. d7 Kc7 54. Kb2 Kd8 55. Ka1 Ke7 56. Kb2 Kd8 57.
Ne4 Bg8 58. Nf6 Bf7 59. g8=Q+ Bxg8 60. Nxg8 Kxd7 61. Nf6+ Ke6 62. Kxa2 1/2-1/2

[Event "Early-Titled-Tuesday-Blitz-June-18-2024"]
[Site "Chess.com"]
[Date "2024.06.18"]
[Round "7"]
[White "ManMish2"]
[Black "Eagle_2019"]
[Result "1-0"]
[WhiteElo "2660"]
[BlackElo "2834"]
[TimeControl "180+1"]
[EndTime "9:21:15 PDT"]
[Termination "ManMish2 won on time"]

1. e4 Nc6 2. Nf3 d6 3. d4 Nf6 4. d5 Ne5 5. Nxe5 dxe5 6. Nc3 e6 7. Bb5+ Bd7 8. dxe6 fxe6 9. Bd3 Bc5 10. O-O O-O 11.
Qe2 a6 12. Be3 Bd4 13. Rad1 Qe8 14. Nb1 Bc6 15. c3 Bxe3 16. Qxe3 Rd8 17. Nd2 Qg6 18.
f3 Nh5 19. Nc4 Nf4 20. g3 Nh3+ 21. Kh1 Qf6 22. Na5 Rd6 23. Be2 Rxd1 24. Rxd1 Bxe4 25. Kg2 Bf5 26. Nxb7 g5 27. Nc5 Qg7 28. Rd7 Qg6 29.
Bc4 Nf4+ 30. Kg1 Bh3 31. Qxe5 Qb1+ 32. Kf2 Qxb2+ 33. Be2 Qxe2+ 34. Qxe2 Nxe2 35. Kxe2 Bg2 36. Nxe6 Bxf3+ 37. Ke3 Rf5 38. Rg7+ Kh8 39. Rxg5 Rf6 40. Nf4 Bb7 41. Rc5 Rf7 42. c4 Re7+ 43. Kd4 Rd7+ 44. Kc3 c6 45. Re5 Kg7 46. c5 Kf6 47. Re6+ Kf5 48.
Rh6 Ke4 49. Kb4 Rd2 50. a4 a5+ 51. Kxa5 Rb2 52. Rd6 Ke5 53. Nd3+ Ke4 54. Nxb2 1-0

[Event "Early-Titled-Tuesday-Blitz-June-18-2024"]
[Site "Chess.com"]
[Date "2024.06.18"]
[Round "7"]
[White "Sanyura"]
[Black "twofoxniel"]
[Result "0-1"]
[WhiteElo "2520"]
[BlackElo "2688"]
[TimeControl "180+1"]
[EndTime "9:21:15 PDT"]
[Termination "twofoxniel won by resignation"]

1. e4 d5 2. exd5 Nf6 3. d4 Bg4 4. Nf3 Qxd5 5. Be2 Nc6 6. O-O O-O-O 7. Nc3 Qh5 8. Bf4 e5 9. Nxe5 Rxd4 10. Bxg4+ Nxg4 11. Qxg4+ Qxg4 12. Nxg4 Rxf4 13. Ne3 Bc5 14. Rad1 Bxe3 15.
fxe3 Rxf1+ 16. Rxf1 f6 17. g4 Re8 18. Kf2 Ne5 19.
h3 Nc4 20. b3 Nd6 21. Rc1 Re5 22. Rd1 Rc5 23. Nd5 Rxc2+ 24. Kf3 Rxa2 25. Ne7+ Kd7 26.
Nf5 g6 27. Nd4 a5 28. e4 a4 29. g5 Ke7 30. gxf6+ Kxf6 31. Kf4 g5+ 32. Ke3 axb3 33. Nxb3 Ra3 34. Rd3 Nc4+ 35. Kd4 Ne5 36. Rc3 Ra4+ 37. Ke3 c6 38. Nc5 Rb4 39. Rc1 b6 40. Rf1+ Ke7 41. Rf5 Nf7 42. Nd3 Rb3 43. e5 c5 44. Ke4 c4 45.
Nf2 Rb5 46. Kd4 Rc5 47. Ne4 Rc6 48. Nc3 h6 49. Nd5+ Kf8 50. Nc3 Kg7 51. Kd5 Rc5+ 52. Kd4 Nd8 53. Rf6 Nc6+ 54. Rxc6 Rxc6 55. Kd5 Rc5+ 56.
Kd6 Kf8 57. e6 Ke8 58. Ne4 Rf5 59. e7 Rf4 60. Nc3 Rf6+ 61. Ke5 Rc6 62. Nd5 Rc5 63.
Kd6 Rxd5+ 64. Kxd5 b5 0-1

[Event "Early-Titled-Tuesday-Blitz-June-18-2024"]
[Site "Chess.com"]
[Date "2024.06.18"]
[Round "7"]
[White "santosalberto1987"]
[Black "Supelyel"]
[Result "1-0"]
[WhiteElo "2589"]
[BlackElo "2435"]
[TimeControl "180+1"]
[EndTime "9:21:15 PDT"]
[Termination "santosalberto1987 won by checkmate"]

1. e4 d6 2. d4 Nf6 3. Nc3 e5 4. Nf3 Nbd7 5. Bc4 Be7 6. g4 Nb6 7. Bb3 exd4 8. Nxd4 Bxg4 9. f3 Bh5 10. Nf5 g6 11. Nxe7 Qxe7 12. Bg5 h6 13. Be3 O-O-O 14. Qe2 Rhe8 15. O-O-O Nxe4 16. Nxe4 Qxe4 17. fxe4 Bxe2 18. Rde1 Bf3 19. Rhf1 Bxe4 20. Bxf7 Re7 21. Bxh6 Rde8 22. Bxe8 Rxe8 23. Rf8 Rxf8 24. Bxf8 Bf5 25. Bh6 Kd7 26. Be3 Nd5 27. a3 a6 28. c4 Nf6 29. Bd4 Ne4 30. b4 c5 31. Bg1 Kc6 32. Kb2 b6 33. h4 d5 34. cxd5+ Kxd5 35. Rf1 Nd6 36. Bh2 Nc4+ 37.
Ka2 Bd3 38. Rf6 Nd2 39. Rxb6 cxb4 40. axb4 Bb1+ 41. Ka1 Bd3 42. Rb8 Kc4 43. Kb2 Kd4 44. Bg1+ Ke4 45. Bc5 Nc4+ 46. Kc3 Ne5 47. Bd6 Nf7 48.
Re8+ Kd5 49. Kxd3 Nxd6 50. Rg8 Nf7 51. Kc3 Ne5 52. Ra8 Nf3 53. Rxa6 Nxh4 54. Rf6 g5 55. Rf8 Kc6 56. Kc4 Kc7 57. b5 Ng6 58. Rg8 Ne5+ 59. Kd5 Nd7 60. Rxg5 Nb6+ 61. Kc5 Nd7+ 62. Kb4 Kb6 63.
Rg6+ Kc7 64. Ka5 Nc5 65. Rg7+ Kb8 66. Kb6 Na4+ 67. Kc6 Nc3 68. b6 Kc8 69. Rg8# 1-0

[Event "Early-Titled-Tuesday-Blitz-June-18-2024"]
[Site "Chess.com"]
[Date "2024.06.18"]
[Round "7"]
[White "Navyblue1"]
[Black "patzer-reloaded"]
[Result "0-1"]
[WhiteElo "2163"]
[BlackElo "2456"]
[TimeControl "180+1"]
[EndTime "9:21:15 PDT"]
[Termination "patzer-reloaded won by resignation"]

1. d4 Nf6 2. c4 e6 3. Nf3 d5 4. Nc3 Bb4 5. Qa4+ Nc6 6. e3 O-O 7. Bd2 a6 8. a3 Bxc3 9. Bxc3 Ne4 10. Qc2 Re8 11. Bd3 Nxc3 12. Qxc3 dxc4 13. Bxc4 b6 14. O-O Bb7 15. Rfd1 Qf6 16. e4 Rad8 17. e5 Qh6 18. Be2 Rd7 19. Rd2 Red8 20. Rad1 Ne7 21. Qe3 Nf5 22.
Qxh6 gxh6 23. g4 Bxf3 24. gxf5 Bxe2 25. fxe6 fxe6 26. Rxe2 Rxd4 27. Rxd4 Rxd4 28. Kg2 c5 29. Kg3 c4 30. f4 b5 31. Kg4 a5 32. Rc2 b4 33. axb4 axb4 34. Kf3 Rd3+ 35. Ke4 Rb3 36. Rxc4 Rxb2 37. h4 b3 38. Rb4 Rb1 39. Kf3 b2 40. Kg2 h5 41. Rb7 Kf8 42. Kh2 Ke8 43. Kg2 Kd8 44.
Kh2 Kc8 45. Rb4 Kd7 46. Kg2 Kc6 47. Rb8 Kd5 48. Kh2 Ke4 49. Rb4+ Kf3 50. Rb3+ Kxf4 51. Kg2 Kxe5 52. Rb5+ Kf4 53. Rb4+ Kf5 54. Rb5+ e5 55.
Kh2 Kf4 56. Kg2 e4 57. Rb4 h6 58. Rb3 e3 59. Rb4+ Kf5 60. Rb5+ Kg4 61. Rb4+ Kf5 62.
Rb5+ Ke4 63. Rb4+ Kd3 64. Rb3+ Kc2 65. Rb8 Rc1 0-1

[Event "Early-Titled-Tuesday-Blitz-June-18-2024"]
[Site "Chess.com"]
[Date "2024.06.18"]
[Round "7"]
[White "JunjiCol"]
[Black "Lady_Nika"]
[Result "1-0"]
[WhiteElo "2367"]
[BlackElo "2510"]
[TimeControl "180+1"]
[EndTime "9:21:16 PDT"]
[Termination "JunjiCol won by resignation"]

1. e4 e6 2. c4 c6 3. d4 d5 4. cxd5 cxd5 5. e5 Nc6 6. Nc3 a6 7. f4 b5 8. Nf3 Qb6 9. a4 b4 10.
Nb1 a5 11. Be3 Nge7 12. Bb5 Ba6 13. Qe2 Nf5 14. Bf2 h5 15. Nbd2 Be7 16. Rc1 Bxb5 17. Qxb5 Qxb5 18. axb5 Na7 19. b6 Nb5 20. b7 Rb8 21.
Nb3 a4 22. Na5 Kd7 23. Kd2 Bd8 24. Nc6 Rxb7 25. Rc5 Be7 26. Nxe7 Nxe7 27. Rhc1 f6 28. Kd3 Ra8 29. Bh4 Ng6 30. exf6 Nxh4 31. Ne5+ Kd8 32. f7 Ke7 33. Rc8 Rxc8 34. Rxc8 Ng6 35. Nxg6+ Kxf7 36. Ne5+ Ke7 37. Rg8 Kd6 38. Rd8+ Kc7 39. Rd7+ Kb6 40. Rd8 a3 41. bxa3 bxa3 42. Ra8 Na7 43. Kc2 Kc7 44. Re8 a2 45. Re7+ Kb6 46. Rxb7+ Kxb7 47. Kb2 Nb5 48. Nf3 Nc3 49. Ng5 Kb6 50. Nxe6 Kb5 51. Nxg7 Kc4 52. f5 Ne4 53. Nxh5 Kxd4 54. f6 Nd6 55. Kxa2 Ke5 56. Kb2 Kf5 57. h3 Kg6 58. g4 Ne4 59. Kc2 Nf2 60. Nf4+ Kxf6 61. Kd2 Ke5 62. Ke3 Nh1 63. Kf3 d4 64. Nd3+ Kd5 65. Kg2 Ke4 66. Nc5+ Kd5 67.
Nd3 Ke4 68. Nb4 Ke3 69. Kxh1 d3 70. Nxd3 Kxd3 71. g5 Ke4 72. g6 Kf5 73. g7 1-0

[Event "Early-Titled-Tuesday-Blitz-June-18-2024"]
[Site "Chess.com"]
[Date "2024.06.18"]
[Round "7"]
[White "Veleamater"]
[Black "cmunda"]
[Result "1-0"]
[WhiteElo "2397"]
[BlackElo "2195"]
[TimeControl "180+1"]
[EndTime "9:21:16 PDT"]
[Termination "Veleamater won by resignation"]

1. g3 g6 2. Bg2 Bg7 3. d3 Nf6 4. e4 d6 5. Nc3 O-O 6. h3 Nc6 7. f4 e5 8. Nf3 Nh5 9. Ne2 f5 10.
O-O Be6 11. Ng5 Bd7 12. exf5 gxf5 13. Kh2 Kh8 14. Bf3 Nf6 15. Bg2 Qe8 16. Nc3 a6 17. Be3 Qh5 18. Qxh5 Nxh5 19. a3 Bf6 20. Nf3 exf4 21. gxf4 Rae8 22. Nd5 Bd8 23. Rae1 Rg8 24.
Ng5 Rgf8 25. Bd2 Rxe1 26. Rxe1 h6 27. Bc3+ Kg8 28. Ne6 Re8 29. Nxd8 Rxe1 30. Bxe1 Nxd8 31. Bf3 c6 32. Bh4 cxd5 33. Bxd8 Nxf4 34. Bc7 Kf7 35. Bxd6 Ng6 36. Bxd5+ Be6 37. Bxb7 a5 38. Bc7 a4 39. Bc6 f4 40. Bxa4 f3 41. Bb6 Nf4 42. Bc6 Nd5 43. Bxd5 Bxd5 44. Kg3 h5 45. h4 Ke6 46. c4 Bb7 47. d4 Kf5 48. d5 Ke4 49. d6 Bc6 50.
b4 Kd3 51. b5 Be8 52. Kxf3 Kxc4 53. Ke4 Kxb5 54. Bc7 Kc6 55. Ke5 Kd7 56. a4 Bg6 57. a5 Bd3 58. Kd4 Ba6 59. Kc5 Bd3 60.
Kb6 Kc8 61. a6 Be4 62. Kc5 Bf3 63. Kd4 Be2 64. a7 Ba6 65. Ke5 Bb7 66. Ke6 Bf3 67.
Ke7 Kb7 68. d7 Bg4 69. d8=Q 1-0